 Dungeon Crawl Stone Soup version 0.17-a0-1621-gfc7a675 (webtiles) character file.

20 Oddball22 the Digger (level 2, -1/16 HPs)
             Began as a Gargoyle Earth Elementalist on Aug 2, 2015.
             Slain by a jelly (3 damage)
             ... on level 2 of the Dungeon.
             The game lasted 00:03:21 (1356 turns).

Oddball22 the Digger (Gargoyle Earth Elementalist)  Turns: 1356, Time: 00:03:21

Health: -1/16      AC:  2    Str: 11    XL:     2   Next: 79%
Magic:  4/5        EV: 12    Int: 15    God:
Gold:   117        SH:  0    Dex: 10    Spells: 1 memorised, 4 levels left

rFire  . . .     SeeInvis .     o - +1 dagger (venom)
rCold  . . .     Clarity  .     b - +0 robe
rNeg   + . .     SustAt   .     (no shield)
rPois  ∞         Gourm    .     (no helmet)
rElec  +         Spirit   .     (no cloak)
rCorr  .         Warding  .     p - +1 pair of gloves
rMut   .         Stasis   .     (no boots)
MR     .....                    (no amulet)
Stlth  ++........               (no ring)
                                (no ring)

@: corroded equipment, not resistant to hostile enchantments, unstealthy
A: negative energy resistance 1, electricity resistance, unbreathing,
petrification resistance, rot immunity, AC +2
a: no special abilities


You were on level 2 of the Dungeon.
You were not hungry.

You visited 1 branch of the dungeon, and saw 2 of its levels.

You collected 117 gold pieces.

Inventory:

Hand weapons
 k - a +0 club
 o - a +1 dagger of venom (weapon)
Missiles
 a - 43 stones (quivered)
Armour
 b - a +0 robe (worn)
 p - a +1 pair of gloves (worn)
Scrolls
 f - a scroll of random uselessness {unknown}
 g - 3 scrolls of fear {unknown}
 j - 2 scrolls of remove curse {unknown}
 l - a scroll of immolation {unknown}
 n - a scroll of identify {unknown}
 q - a scroll of enchant armour {unknown}
 s - a scroll of teleportation {unknown}
Potions
 e - 2 potions of cure mutation {unknown}
 r - a potion of degeneration {unknown}
Books
 c - a book of Geomancy

   Spells                             Type                      Level
   a - Sandblast                      Earth                        1
   b - Stoneskin                      Transmutation/Earth          2
   c - Passwall                       Transmutation/Earth          3
   d - Stone Arrow                    Conjuration/Earth            3
   e - Petrify                        Transmutation/Earth          4
   f - Lee's Rapid Deconstruction     Earth                        5
Comestibles
 d - 3 bread rations
 h - 4 chunks of flesh
 i - a royal jelly
 m - a meat ration


   Skills:
 + Level 1.2 Fighting
 + Level 0.4 Armour
 - Level 1.5 Dodging
 - Level 2.1 Stealth
 + Level 2.1 Spellcasting
   Level 0.7 Transmutations
 * Level 4.2 Earth Magic


You had 4 spell levels left.
You knew the following spells:

 Your Spells              Type           Power        Failure   Level  Hunger
a - Sandblast             Erth           ##....       4%          1    #......


Dungeon Overview and Level Annotations

Branches:
Dungeon (2/15)

Altars:


Innate Abilities, Weirdness & Mutations

You are resistant to torment.
Your stone body is resilient (AC +2).
You are immune to poison.
You resist negative energy.
You are resistant to electric shocks.
You can survive without breathing.
You are immune to petrification.
You are immune to rotting.


Message History

You open the door.
A jelly comes into view.
You hit the jelly but do no damage. The acid corrodes you!
Your hands burn!
The jelly hits you.
You are splashed with acid!
The acid corrodes you!
The acid burns!
Ouch! That really hurt!
* * * LOW HITPOINT WARNING * * *
You are too injured to fight recklessly!
The jelly quivers.
Some of the chunks of flesh in your inventory have rotted away.
The jelly hits you but does no damage.
Casting: Sandblast
Confirm with . or Enter, or press ? or * to list all spells.
Aiming: Sandblast
Press: ? - help, Shift-Dir - straight line, f - jelly
Aim: a jelly The blast of sand hits the jelly.
The jelly is moderately wounded.
The jelly hits you.
You die...

#.### #.# ######.####.#
#.>. #.# #.#
#....#.###### #.#
#.###########.#.....#
#.# #.##.....#
#.#####.## #.#.#
#.##.....# #.# #..)..
#.#.######.##.....# #.#
#.....
#.#........##.....# #.#
#.....
#.###########.....####.#
#.....
#............J@........#
#.....
##...#...####.....######
#..... #...#...# #.....#
#..... #...#...# #.....#
#..... #...#...# #.....#
#...#...# #.....#
#...#...# #.....#
#...#...## #######
#.........


You could see a jelly.

Vanquished Creatures
  5 bats (D:1)
  A giant cockroach (D:2)
  4 goblins
  A hobgoblin (D:1)
  2 giant newts (D:1)
  4 kobolds (D:1)
  3 rats (D:1)
20 creatures vanquished.

Notes
Turn   | Place    | Note
--------------------------------------------------------------
     0 | D:1      | Oddball22 the Gargoyle Earth Elementalist began the quest for the Orb.
     0 | D:1      | Reached XP level 1. HP: 10/10 MP: 3/3
   360 | D:1      | Reached skill level 1 in Fighting
   360 | D:1      | Reached XP level 2. HP: 14/16 MP: 5/5
   860 | D:1      | Reached skill level 4 in Earth Magic
  1356 | D:2      | Slain by a jelly

Vault maps used:
D:1:      minmay_arrival_five_plusses, serial_bayou_pond_c
D:2:      first_bread, dk_xom_monty_hall

Action                   || total
-------------------------++-------
Melee: Spear             ||    84
       Dagger            ||     6
 Cast: Sandblast         ||     1
 Stab: Sleeping          ||     5
  Eat: Chunk             ||     1
